 Dungeon Crawl Stone Soup version 0.20.1-1-g8b1a95d (webtiles) character file.

116 Gargoyl the Skirmisher (level 4, 0/41 HPs)
             Began as a Minotaur Abyssal Knight on Sept 8, 2017.
             Was a Believer of Lugonu.
             Slain by an orc wizard
             ... wielding a +3 dagger of electrocution
              (9 damage)
             ... on level 3 of the Dungeon.
             The game lasted 00:04:31 (2463 turns).

Gargoyl the Skirmisher (Minotaur Abyssal Knight)    Turns: 2463, Time: 00:04:33

Health: 0/41       AC: 13    Str: 16    XL:     4   Next: 69%
Magic:  4/4        EV:  7    Int:  9    God:    Lugonu [**....]
Gold:   215        SH:  0    Dex: 11    Spells: 3/3 levels left

rFire    . . .     SeeInvis .   a - +1 hand axe
rCold    . . .     Gourm    .   (no shield)
rNeg     . . .     Faith    .   m - +0 chain mail
rPois    +         Spirit   .   (helmet restricted)
rElec    .         Reflect  .   h - +1 cloak
rCorr    .         Harm     .   g - +0 pair of gloves
MR       +....                  o - +0 pair of boots
Stlth    ..........             (no amulet)
Regen    0.2/turn               (no ring)
MPRegen  0.1/turn               l - ring of poison resistance

@: no status effects
A: retaliatory headbutt, horns 2, talons 1, blurry vision 1, magic resistance 1,
poison resistance
a: Depart the Abyss, Bend Space, Renounce Religion


You were on level 3 of the Dungeon.
You worshipped Lugonu.
Lugonu was pleased with you.
You were not hungry.

You visited 1 branch of the dungeon, and saw 3 of its levels.
You visited the Abyss 1 time.

You collected 215 gold pieces.

Inventory:

Hand Weapons
 a - a +1 hand axe (weapon)
Armour
 g - a +0 pair of gloves (worn)
 h - a +1 cloak (worn)
 m - a +0 chain mail (worn)
 o - a +0 pair of boots (worn)
Jewellery
 l - a ring of poison resistance (right hand)
 p - an uncursed ring of flight
Wands
 d - a wand of digging (16/24)
Scrolls
 b - a scroll of identify
 r - a scroll of magic mapping
 s - a scroll of teleportation
Potions
 i - a potion of agility {unknown}
 j - a potion of might {unknown}
 k - a potion of mutation
 n - a potion of flight {unknown}
Comestibles
 c - 2 bread rations
 f - 3 fruits
 t - 5 chunks of flesh


   Skills:
 + Level 4.6 Fighting
 + Level 3.7 Axes
 * Level 3.9 Armour
 + Level 1.3 Dodging
 * Level 2.1 Invocations


You had 3 spell levels left.
You didn't know any spells.

Dungeon Overview and Level Annotations

Branches:
Dungeon (3/15)

Altars:
Yredelemnul


Innate Abilities, Weirdness & Mutations

You reflexively headbutt those who attack you in melee.
You have a pair of horns on your head.
You have sharp toenails.
Scrolls take you a little longer to read.
You are resistant to hostile enchantments. (MR+)
Your system is resistant to poisons. (rPois)


Message History

The orc priest is severely wounded.
You closely miss the orc wizard. The orc priest barely misses you.
The orc wizard hits you but does no damage.
You are electrocuted!
* * * LOW HITPOINT WARNING * * *
Unknown command.
You hit the orc priest.
The orc priest is severely wounded.
You closely miss the orc wizard.
The orc priest hits you but does no damage.
The orc wizard gestures wildly while chanting.
The orc wizard seems to speed up.
Unknown command.
It was a potion of mutation.
You feel extremely strange.
Your vision blurs.
You feel resistant to poisons.
Your toenails lengthen and sharpen.
You feel resistant to hostile enchantments.
The orc wizard hits you but does no damage.
You are electrocuted!
You die...

##....<#.....##
#.............#
...............
...............
.?.............
...............
.......o.......
#.....o@)......
##...%..).>..##
######.###### #.# #.#
#.# #.# #.# #.#
####.## ###.#######
#......
##..=.......###......


You could see an orc priest and an orc wizard.

Vanquished Creatures
  6 adders
  An ooze (D:2)
  A worm (D:2)
  A dart slug (D:2)
  3 leopard geckos
  An orc (D:3)
  3 ball pythons
  5 bats
  4 giant cockroaches
  4 goblins
  4 hobgoblins
  2 jackals (D:2)
  3 frilled lizards
  3 kobolds
  11 rats
52 creatures vanquished.

Vanquished Creatures (others)
  A lurking horror (Abyss:1)
1 creature vanquished.

Grand Total: 53 creatures vanquished

Notes
Turn   | Place    | Note
-------+----------+-------------------------------------------
     0 | Abyss:1  | Gargoyl the Minotaur Abyssal Knight began the quest for the Orb.
     0 | Abyss:1  | Reached XP level 1. HP: 19/19 MP: 1/1
    48 | Abyss:1  | Noticed a starcursed mass
    52 | Abyss:1  | Noticed a large abomination
    54 | Abyss:1  | Noticed a raiju
   138 | Abyss:2  | Noticed an anaconda simulacrum
   142 | D:1      | Escaped the Abyss
   497 | D:1      | Reached XP level 2. HP: 18/27 MP: 2/2
   692 | D:1      | Reached skill level 4 in Fighting
   738 | D:1      | Reached * piety under Lugonu
  1019 | D:2      | Reached XP level 3. HP: 13/33 MP: 3/3
  1875 | D:2      | Reached XP level 4. HP: 41/41 MP: 4/4
  2085 | D:2      | Reached ** piety under Lugonu
  2096 | D:2      | Found a basalt altar of Yredelemnul.
  2463 | D:3      | Gained mutation: Scrolls take you a little longer to read. [potion of mutation]
  2463 | D:3      | Gained mutation: Your system is resistant to poisons. (rPois) [potion of mutation]
  2463 | D:3      | Gained mutation: You have sharp toenails. [potion of mutation]
  2463 | D:3      | Gained mutation: You are resistant to hostile enchantments. (MR+) [potion of mutation]
  2463 | D:3      | Slain by an orc wizard

Skill      XL: |  1  2  3 |
---------------+----------+-----
Fighting       | 4 |  4.6
Armour         | 3 |  3.9
Axes           | 3 |  3.7
Invocations    | 2 |  2.1
Dodging        | |  1.3

Action                   |  1- 3 |  4- 6 || total
-------------------------+-------+-------++-------
Melee: Hand axe          |    78 |    46 ||   124
       Headbutt          |    13 |     9 ||    22
Invok: Depart the Abyss  |     1 |       ||     1
Evoke: Wand              |     1 |       ||     1
  Use: Scroll            |     8 |     2 ||    10
       Potion            |       |     1 ||     1
  Eat: Chunk             |     3 |     2 ||     5
Armor: Leather armour    |    21 |       ||    21
       Chain mail        |    23 |    42 ||    65
Dodge: Dodged            |    44 |    28 ||    72
